 Dungeon Crawl Stone Soup version 0.28.0-53-g5a82cb258f (webtiles) character file.

Game seed: 16913857733225313730

1185 Sin92 the Chopper (level 8, -17/62 HPs)
             Began as a Demonspawn Fighter on July 5, 2022.
             Killed from afar by an acid dragon (31 damage)
             ... with a splash of acid
             ... on level 5 of the Dungeon on July 6, 2022.
             The game lasted 00:15:09 (5693 turns).

Sin92 the Chopper (Demonspawn Fighter)              Turns: 5693, Time: 00:15:09

Health: -17/62     AC: 14    Str: 19    XL:     8   Next: 19%
Magic:  8/8        EV: 11    Int: 10    God:
Gold:   210        SH:  9    Dex: 12    Spells: 7/7 levels left

rFire   . . .      SeeInvis .   a - +0 war axe
rCold   . . .      Faith    .   c - +0 buckler
rNeg    . . .      Spirit   .   i - +2 chain mail
rPois   .          Reflect  .   (no helmet)
rElec   .          Harm     .   (no cloak)
rCorr   .          Rampage  .   (no gloves)
Will    .....                   (no boots)
Stlth   ..........              (no amulet)
HPRegen 0.20/turn               m - +4 ring of evasion
MPRegen 0.22/turn               (no ring)

@: corroded
A: hooves 1, molten scales 2, icemail 1, magic regeneration, condensation shield
a: no special abilities


You were on level 5 of the Dungeon.
You visited 1 branch of the dungeon, and saw 5 of its levels.
You also visited: Sewer.

You collected 210 gold pieces.

Inventory:

Hand Weapons
 a - a +0 war axe (weapon)
Missiles
 o - a throwing net (quivered)
Armour
 b - a +0 scale mail
 c - a +0 buckler (worn)
 i - a +2 chain mail (worn)
Jewellery
 m - a +4 ring of evasion (left hand)
 v - a ring of magical power
Wands
 l - a wand of iceblast (8)
 s - a wand of polymorph (14)
Scrolls
 e - 2 scrolls of identify
Potions
 d - a potion of mutation {unknown}
 j - a potion of degeneration {unknown}
 p - a potion of attraction
 t - 3 potions of curing {unknown}


   Skills:
 + Level 5.3 Fighting
 * Level 5.9 Axes
 + Level 4.7 Armour
 + Level 4.7 Shields


You had 7 spell levels left.
You didn't know any spells.
Your spell library contained the following spells:

 Spells                   Type           Power      Damage    Failure   Level
 Animate Skeleton         Necr           0%         N/A       99%         1
 Foxfire                  Conj/Fire      0%         2x1d4     99%         1
 Pain                     Necr           0%         1d4       99%         1
 Summon Small Mammal      Summ           0%         N/A       99%         1
 Call Canine Familiar     Summ           0%         N/A       100%        3
 Conjure Flame            Conj/Fire      0%         6-21      100%        3
 Inner Flame              Hex/Fire       0%         N/A       100%        3
 Summon Guardian Golem    Hex/Summ       0%         N/A       100%        3
 Vampiric Draining        Necr           0%         2d6       100%        3
 Flame Wave               Conj/Fire      0%         2d4       100%        4
 Agony                    Necr           0%         N/A       100%        5
 Excruciating Wounds      Necr           0%         N/A       100%        5


Dungeon Overview and Level Annotations

Branches:
Dungeon (5/15)              Sewer (visited)
 Temple: D:4-7

Altars:
Cheibriados

Shops:
D:5 (


Innate Abilities, Weirdness & Mutations

You have large cloven feet.
You are mostly covered in molten scales. (AC +3)
A meltable icy envelope protects you from harm. (AC +4)
You regenerate magic rapidly.
A meltable shield of frost defends you. (SH +4)


Message History

You slash the acid dragon!
You kick the acid dragon, but do no damage.
The acid dragon is moderately wounded.
The acid dragon bites you but does no damage.
The acid dragon misses you.
You hit the acid dragon.
You kick the acid dragon, but do no damage.
The acid dragon is heavily wounded.
The acid dragon bites you but does no damage.
The acid dragon claws you but does no damage.
You block the acid dragon's attack.
The acid dragon claws you but does no damage.
You hit the acid dragon. You kick the acid dragon.
The acid dragon is severely wounded.
The acid dragon closely misses you.
The acid dragon claws you but does no damage.
You closely miss the acid dragon.
The acid dragon is severely wounded.
An orc comes into view. It is wielding a +0 trident.
You block the acid dragon's attack. The acid dragon claws you.
* * * LOW HITPOINT WARNING * * *
You closely miss the acid dragon. Your kick misses the acid dragon.
The acid dragon is severely wounded.
You block the acid dragon's attack. x2
You completely miss the acid dragon. Your kick misses the acid dragon.
The acid dragon is severely wounded.
You block the acid dragon's attack. x2; The acid dragon misses you.
The acid dragon claws you but does no damage.
Unknown command.
You hit the acid dragon but do no damage.
You kick the acid dragon, but do no damage.
The acid dragon is severely wounded.
The acid dragon barely misses you. The acid dragon claws you.
* * * LOW HITPOINT WARNING * * *
You hit the acid dragon. You kick the acid dragon.
The acid dragon is severely wounded.
The acid dragon spits acid at you. The splash of acid hits you!!
Ouch! That really hurt!
You die...

##.## #....$. #
####..# #..$...
###∩##.## #......
#.#'#..# ####'##
#......####### .#
#......##....## .#
.
####)###......##.#
. #†##........'.#
.. #@Do.)......#.#
#..'........#.#
#.##........#'#
#.O##......##..
##. ##....## .$ ..
######


ol. #. ... .. You could see an acid dragon (catching breath), an ogre and an
orc.

Vanquished Creatures
  Sigmund (D:2)
  A sky beast (D:5)
  A black bear (D:5)
  An ogre (D:5)
  2 bullfrogs (Sewer)
  A gnoll sergeant (D:5)
  A water moccasin zombie (D:5)
  A howler monkey (D:4)
  A hound (D:5)
  An orc priest (D:4)
  A bullfrog skeleton (D:4)
  A centaur skeleton (D:5)
  An iguana (D:5)
  3 orc wizards (D:4)
  6 adders
  7 gnolls (D:5)
  An ufetubus (D:5)
  A dart slug (D:2)
  3 worms
  15 orcs
  21 ball pythons
  8 endoplasms
  15 giant cockroaches
  4 goblins
  5 hobgoblins
  4 jackals
  6 quokkas
  5 bats
  7 frilled lizards
  9 kobolds
  3 rats
  A butterfly (D:4)
138 creatures vanquished.

Vanquished Creatures (others)
  A plant (D:4)
1 creature vanquished.

Grand Total: 139 creatures vanquished

Notes
Turn   | Place    | Note
-------+----------+-------------------------------------------
     0 | D:1      | Sin92 the Demonspawn Fighter began the quest for the Orb.
     0 | D:1      | Reached XP level 1. HP: 18/18 MP: 1/1
    99 | D:1      | Gained mutation: You regenerate magic rapidly. [demonic
                  | ancestry]
    99 | D:1      | Reached XP level 2. HP: 17/24 MP: 2/2
  1338 | D:2      | Gained mutation: You have large cloven feet. [demonic
                  | ancestry]
  1338 | D:2      | Reached XP level 3. HP: 29/29 MP: 3/3
  1369 | D:2      | Noticed Sigmund
  1377 | D:2      | Killed Sigmund
  1378 | D:2      | Reached XP level 4. HP: 20/37 MP: 4/4
  1378 | D:2      | Gained mutation: You are partially covered in molten
                  | scales. (AC +2) [demonic ancestry]
  1378 | D:2      | Reached XP level 5. HP: 23/42 MP: 5/5
  2401 | D:3      | Found a faded altar of an unknown god.
  2577 | D:3      | Found a snail-covered altar of Cheibriados.
  2609 | D:3      | Found a glowing drain.
  2621 | Sewer    | Entered a sewer
  2670 | Sewer    | Gained mutation: A meltable shield of frost defends you.
                  | (SH +4) [demonic ancestry]
  2670 | Sewer    | Reached XP level 6. HP: 41/48 MP: 6/6
  4383 | D:4      | Gained mutation: A meltable icy envelope protects you from
                  | harm. (AC +4) [demonic ancestry]
  4383 | D:4      | Reached XP level 7. HP: 55/55 MP: 7/7
  4425 | D:4      | Identified the +2 leather armour of Tender Moments {+Blink
                  | Str-5 Dex+3 SInv}
  5093 | D:5      | Entered Level 5 of the Dungeon
  5329 | D:5      | Reached skill level 5 in Axes
  5563 | D:5      | Reached skill level 5 in Fighting
  5592 | D:5      | Found Xyutub's Weapon Shop.
  5629 | D:5      | Gained mutation: You are mostly covered in molten scales.
                  | (AC +3) [demonic ancestry]
  5629 | D:5      | Reached XP level 8. HP: 48/62 MP: 8/8
  5693 | D:5      | Killed from afar by an acid dragon

Illustrated notes

Levels and vault maps discovered:
D:1:      minmay_arrival_five_plusses, layout_rooms, serial_co_window_serial,
          co_window_paths_a, co_window_corner_a, co_window_paths_a,
          co_window_paths_a, co_window_corner_a, co_window_paths_c,
          co_window_broadway_a, co_window_of_opportunity_c, co_window_cross_4,
          co_window_unsneaky_path_e, co_window_broadway_c,
          co_window_unsneaky_path_e, glass_columns_b
D:2:      layout_basic, minmay_tetromino_o2, uniq_sigmund
D:3:      layout_basic, mainiacjoe_overflow_brackets,
          shapermc_ecumenical_altar_totnotflames, cheibrodos_sewer_entry_drain,
          saegor_snake_ambush
D:4:      layout_loops_ring, hangedman_glass_garden, minmay_bisected
D:5:      minmay_polygon_palace, layout_basic, serial_co_window_serial,
          co_window_corner_a, co_window_of_opportunity_a, co_window_paths_b,
          co_window_corner_a, co_window_paths_a, co_window_of_opportunity_c,
          co_window_of_opportunity_b, co_window_2corner,
          co_window_unsneaky_path_c, co_window_corner_b,
          co_window_of_opportunity_c, co_window_of_opportunity_b,
          co_window_paths_e, co_window_paths_d, serial_shops, kennysheep_mini,
          hangedman_decor_peaks_small, grunt_ministairs_6, moated_statue

Skill      XL: |  1  2  3  4  5  6  7 |
---------------+----------------------+-----
Axes           | 2 3 4 5 |  5.9
Armour         | 3 4 |  4.7
Shields        | 3 4 |  4.7
Fighting       | 4 5 |  5.3

Action                   |  1- 3 |  4- 6 |  7- 9 || total
-------------------------+-------+-------+-------++-------
Melee: War axe           |    95 |   191 |   159 ||   445
       Kick              |     2 |    47 |    42 ||    91
  Use: Potion            |     1 |       |     2 ||     3
       Scroll            |       |       |    11 ||    11
Armor: Scale mail        |    38 |       |       ||    38
       Chain mail        |    38 |   109 |    86 ||   233
Dodge: Dodged            |    39 |    79 |    66 ||   184
Block: Buckler           |    30 |    74 |    93 ||   197
